 Dungeon Crawl Stone Soup version 0.29.1-2-gbd0b4ee654 (webtiles) character file.

Game seed: 5298251260056181298

81 fleeber the Digger (level 4, -5/24 HPs)
             Began as a Gargoyle Earth Elementalist on Nov 5, 2022.
             Slain by an orc
             ... wielding a +0 trident
              (7 damage)
             ... on level 3 of the Dungeon.
             The game lasted 00:11:35 (2235 turns).

fleeber the Digger (Gargoyle Earth Elementalist)    Turns: 2235, Time: 00:11:35

Health: -5/24      AC:  5    Str: 12    XL:     4   Next: 42%
Magic:  7/8        EV: 11    Int: 17    God:
Gold:   104        SH:  0    Dex: 10    Spells: 8/9 levels left

rFire   . . .      SeeInvis +   s - +2 dagger (drain)
rCold   . . .      Faith    .   (no shield)
rNeg    + . .      Spirit   .   a - +0 robe
rPois   ∞          Reflect  .   (no helmet)
rElec   +          Harm     .   (no cloak)
rCorr   .          Rampage  .   (no gloves)
Will    .....                   (no boots)
Stlth   ++........              c - amulet of magic regeneration
HPRegen 0.08/turn               r - ring of see invisible
MPRegen 0.51/turn               (no ring)

@: no status effects
A: sickness immunity, AC +3, negative energy resistance 1, electricity
resistance, torment resistance 1, petrification resistance
a: no special abilities


You were on level 3 of the Dungeon.
You visited 1 branch of the dungeon, and saw 3 of its levels.

You collected 104 gold pieces.

Inventory:

Hand Weapons
 s - a +2 dagger of draining (weapon)
Armour
 a - a +0 robe (worn)
 p - the +2 leather armour of Mysticism {rElec rF- Str+3 Dex+6}
   (You found it on level 2 of the Dungeon)

   Str:       It affects your strength (+3).
   Dex:       It affects your dexterity (+6).
   rF:        It makes you vulnerable to fire.
   rElec:     It insulates you from electricity.
Jewellery
 c - an amulet of magic regeneration (around neck)
 m - an amulet of reflection
 r - a ring of see invisible (left hand)
 t - an amulet of the acrobat
Scrolls
 e - a scroll of magic mapping {unknown}
 f - a scroll of immolation {unknown}
 h - a scroll of noise {unknown}
 j - 2 scrolls of identify {unknown}
 k - a scroll of torment {unknown}
 n - 2 scrolls of teleportation {unknown}
Potions
 b - 2 potions of magic
 d - a potion of curing {unknown}
 g - a potion of heal wounds {unknown}
 i - a potion of might {unknown}
 l - a potion of lignification {unknown}
 o - 2 potions of mutation {unknown}
 q - 2 potions of degeneration {unknown}
 u - a potion of cancellation {unknown}


   Skills:
 - Level 1.5 Dodging
 - Level 2.1 Stealth
 + Level 3.2 Spellcasting
 - Level 0.7 Transmutations
 + Level 5.0 Earth Magic


You had 8 spell levels left.
You knew the following spells:

 Your Spells              Type           Power      Damage    Failure   Level
a - Sandblast             Erth           40%        2d10      2%          1

Your spell library contained the following spells:

 Spells                   Type           Power      Damage    Failure   Level
 Passwall                 Tmut/Erth      10%        N/A       8%          2
 Shock                    Conj/Air       8%         1d3       17%         1
 Stone Arrow              Conj/Erth      22%        3d8       19%         3
 Swiftness                Air            2%         N/A       45%         3
 Petrify                  Tmut/Erth      12%        N/A       45%         4
 Airstrike                Air            1%         2d(1-17)  86%         4


Dungeon Overview and Level Annotations

Branches:
Dungeon (3/15)

Altars:
Cheibriados


Innate Abilities, Weirdness & Mutations

You are immune to sickness and miasma.
Your stone body is resilient. (AC +3)
You are immune to poison.
You resist negative energy. (rN+)
You are resistant to electric shocks. (rElec)
You are resistant to unholy torment.
You are immune to petrification.


Message History

Press: ? - help, Q - select action Shift-Dir - straight line, f/p - orc
Aim: an orc, wielding a +0 hand axe and wearing a +0 chain mail (heavily wounded, 87% to hit)
The blast of sand hits the orc but does no damage.
The orc is heavily wounded.
The orc closely misses you.
An orc comes into view. It is wielding a +0 hand axe.
The orc misses you. The orc hits you but does no damage.
The orc barely misses you.
An orc comes into view. It is wielding a +0 falchion.
The orc hits you but does no damage. The orc attacks as you move away!
The orc hits you with a +0 hand axe.
Aiming: Sandblast (safe; 2% risk of failure)
Press: ? - help, Q - select action Shift-Dir - straight line, f/p - orc
Aim: an orc, wielding a +0 hand axe and wearing a +0 chain mail (heavily wounded, 87% to hit)
The blast of sand misses the orc.
The orc closely misses you. x2
Aiming: Sandblast (safe; 2% risk of failure)
Press: ? - help, Q - select action Shift-Dir - straight line, f/p - orc
Aim: an orc, wielding a +0 hand axe and wearing a +0 chain mail (heavily wounded, 87% to hit)
The blast of sand hits the orc but does no damage.
The orc is heavily wounded.
The orc misses you. The orc completely misses you.
The orc hits you with a +0 hand axe. The orc closely misses you.
Aiming: Sandblast (safe; 2% risk of failure)
Press: ? - help, Q - select action Shift-Dir - straight line, f/p - orc
Aim: an orc, wielding a +0 hand axe and wearing a +0 chain mail (heavily wounded, 87% to hit)
The blast of sand hits the orc but does no damage.
The orc is heavily wounded.
The orc hits you with a +0 hand axe.
* * * LOW HITPOINT WARNING * * *
The orc hits you from afar with a +0 trident.
* * * LOW HITPOINT WARNING * * *
Aiming: Sandblast (safe; 2% risk of failure)
Press: ? - help, Q - select action Shift-Dir - straight line, f/p - orc
Aim: an orc, wielding a +0 hand axe and wearing a +0 chain mail (heavily wounded, 87% to hit)
The blast of sand hits the orc but does no damage.
The orc is heavily wounded.
The orc barely misses you. The orc closely misses you.
The orc hits you from afar with a +0 trident!
You die...

#.#### ##+## #.# #.# #.#
#.# #.# ####.##### #.#
#.# #........# #.# #.#
#.#...##.# #.#
#.#######......#.# #.#
#.............##.#####.#
#########..#...(.......#
#.@......#######
##.o..#.## ##o.##.#
##o..## #o### #.# #.#
#.# #o#


You could see 4 orcs.

Vanquished Creatures
  3 adders
  A worm (D:2)
  10 ball pythons
  6 endoplasms
  2 giant cockroaches
  3 goblins (D:1)
  4 hobgoblins
  3 jackals (D:1)
  3 kobolds
  3 quokkas
  5 bats
  3 frilled lizards
  4 rats
50 creatures vanquished.

Notes
Turn   | Place    | Note
-------+----------+-------------------------------------------
     0 | D:1      | fleeber the Gargoyle Earth Elementalist began the quest for
                  | the Orb.
     0 | D:1      | Reached XP level 1. HP: 10/10 MP: 3/3
   144 | D:1      | Reached XP level 2. HP: 15/15 MP: 5/5
   145 | D:1      | Reached skill level 4 in Earth Magic
   425 | D:1      | Found a faded altar of an unknown god.
   508 | D:1      | Reached XP level 3. HP: 19/19 MP: 4/6
   529 | D:1      | You fall into a shaft and drop 1 floor!
  1246 | D:2      | Identified the +2 leather armour of Mysticism {rElec rF-
                  | Str+3 Dex+6}
  1313 | D:2      | Reached XP level 4. HP: 24/24 MP: 6/8
  1801 | D:3      | Reached skill level 5 in Earth Magic
  1884 | D:3      | Found a snail-covered altar of Cheibriados.
  2234 | D:3      | HP: 1/24 [orc/+0 trident (6)]
  2235 | D:3      | Slain by an orc

Illustrated notes

Levels and vault maps discovered:
D:1:      arrival_zaba_pyramid, layout_rooms, basic_ecumenical_altar,
          minmay_misc_feat_alley
D:2:      layout_basic
D:3:      layout_loops_corners, cheibriados_altar_1,
          chequers_temple_overflow_statue_of_worship

Skill      XL: |  1  2  3  4 |
---------------+-------------+-----
Earth Magic    | 4 5 |  5.0
Spellcasting   | 3 |  3.2
Dodging        | |  1.5
Stealth        | |  2.1
Transmutations | |  0.7

Action                   |  1- 3 |  4- 6 || total
-------------------------+-------+-------++-------
 Cast: Sandblast         |    45 |    24 ||    69
Armor: Robe              |     3 |     4 ||     7
Dodge: Dodged            |     5 |    13 ||    18
